 Dungeon Crawl Stone Soup version 0.28.0-47-ge53b351184 (webtiles) character file.

Game seed: 11544196602451653722

2520 Allula97 the Covered (level 9, -1/68 HPs)
             Began as a Demonspawn Fighter on May 5, 2022.
             Was a Follower of Uskayaw.
             Slain by a gnoll
             ... wielding a +0 halberd
              (12 damage)
             ... on level 6 of the Dungeon.
             The game lasted 00:13:38 (5062 turns).

Allula97 the Covered (Demonspawn Fighter)           Turns: 5062, Time: 00:13:39

Health: -1/68      AC:  8    Str: 11    XL:     9   Next: 29%
Magic:  9/9        EV:  6    Int:  9    God:    Uskayaw [*.....]
Gold:   209        SH:  0    Dex: 18    Spells: 8/8 levels left

rFire   + . .      SeeInvis .   r - +5 dagger of Awkwardness {spect, rF+ rC+ rCorr Str-5}
rCold   + . .      Faith    .   c - +0 buckler
rNeg    . . .      Spirit   .   l - +0 ring mail
rPois   .          Reflect  .   (helmet restricted)
rElec   .          Harm     .   (no cloak)
rCorr   +          Rampage  .   (no gloves)
Will    .....                   (no boots)
Stlth   +++.......              k - amulet of regeneration
HPRegen 1.01/turn               (no ring)
MPRegen 0.11/turn               (no ring)

@: mighty, held
A: horns 2, sharp scales 2, condensation shield
a: Renounce Religion, Stomp


You were on level 6 of the Dungeon.
You worshipped Uskayaw.
Uskayaw was noncommittal.
You visited 2 branches of the dungeon, and saw 7 of its levels.

You collected 209 gold pieces.

Inventory:

Hand Weapons
 h - a +3 dagger
 j - a +2 dagger of venom
 r - the +5 dagger of Awkwardness (weapon) {spect, rF+ rC+ rCorr Str-5}
   (You found it on level 4 of the Dungeon)

   When its wielder attacks, the weapon's spirit leaps out and strikes again.
   The spirit shares a part of any damage it takes with its wielder.
   Str:       It affects your strength (-5).
   rF:        It protects you from fire.
   rC:        It protects you from cold.
   rCorr:     It protects you from acid and corrosion.
Armour
 c - a +0 buckler (worn)
 l - a +0 ring mail (worn)
Jewellery
 g - an amulet of the acrobat
 k - an amulet of regeneration (around neck)
Wands
 u - a wand of paralysis (2)
Scrolls
 a - 2 scrolls of blinking {unknown}
 b - a scroll of summoning {unknown}
 m - a scroll of immolation
 o - a scroll of amnesia
 q - 2 scrolls of vulnerability
 s - 2 scrolls of teleportation {unknown}
 v - 4 scrolls of fear
 w - 3 scrolls of noise {unknown}
 x - a scroll of fog
Potions
 e - 2 potions of brilliance {unknown}
 f - 3 potions of degeneration {unknown}
 i - 2 potions of haste {unknown}
 n - 2 potions of attraction {unknown}
 p - 3 potions of curing {unknown}
 t - a potion of flight {unknown}


   Skills:
 * Level 5.1 Fighting
 * Level 5.7(5.9) Short Blades
 + Level 1.9(4.1) Long Blades
 * Level 6.4 Armour
 * Level 3.7 Dodging
 * Level 5.4 Stealth
 + Level 3.5 Shields


You had 8 spell levels left.
You didn't know any spells.
Your spell library contained the following spells:

 Spells                   Type           Power      Damage    Failure   Level
 Foxfire                  Conj/Fire      0%         2x1d4     75%         1
 Pain                     Necr           0%         1d4       75%         1
 Corpse Rot               Necr/Air       0%         N/A       86%         2
 Mephitic Cloud           Conj/Pois/Air  0%         N/A       98%         3
 Ozocubu's Armour         Ice            0%         N/A       98%         3
 Silence                  Hex/Air        0%         N/A       100%        5
 Ozocubu's Refrigeration  Ice            0%         4d5       100%        7


Dungeon Overview and Level Annotations

Branches:
Dungeon (6/15)             Temple (1/1) D:4

Altars:
Cheibriados
Dithmenos
Elyvilon
Fedhas
Gozag
Hepliaklqana
Kikubaaqudgha
Makhleb
Nemelex Xobeh
Okawaru
Qazlal
Ru
Sif Muna
Trog
Uskayaw
Vehumet
Xom
Yredelemnul
Zin
The Shining One


Innate Abilities, Weirdness & Mutations

You have a pair of horns on your head.
You are mostly covered in razor-sharp scales. (AC +2, Slay +2)
A meltable shield of frost defends you. (SH +4)


Message History

The gnoll shouts! x2
There is an open door here.
You block the gnoll's attack. The gnoll closely misses you.
You see here 18 arrows.
You hit the gnoll.
You headbutt the gnoll, but do no damage.
The gnoll is moderately wounded.
You block the gnoll's attack. The gnoll shaman closely misses you.
You hit the gnoll.
The gnoll is heavily wounded.
The gnoll completely misses you.
The gnoll hits you from afar with a +0 spear.
The gnoll hits you with a +0 halberd. The gnoll hits you with a +0 flail.
You block the gnoll shaman's attack. The gnoll misses you.
You completely miss the gnoll.
Your +5 dagger of Awkwardness {spect, rF+ rC+ rCorr Str-5} hits the gnoll.
The gnoll hits you from afar with a +0 halberd!
You block the gnoll's attack. The gnoll hits you with a +0 halberd.
You block the gnoll's attack. You block the gnoll shaman's attack.
The gnoll barely misses you.
You puncture the gnoll!
You kill the gnoll!
The gnoll throws a throwing net.
The throwing net hits you.
You become entangled in the net!
The gnoll hits you with a +0 halberd.
The gnoll hits you from afar with a +0 spear.
You struggle against the net.
The gnoll shaman hits you with a +0 whip.
The gnoll barely misses you.
The gnoll hits you but does no damage. x2
The gnoll hits you from afar with a +0 spear!
You struggle against the net.
The gnoll shaman hits you with a +0 whip.
The gnoll barely misses you. x2; The gnoll hits you but does no damage.
The gnoll hits you from afar with a +0 spear.
* * * LOW HITPOINT WARNING * * *
You feel very mighty all of a sudden.
The gnoll shaman hits you but does no damage.
The gnoll hits you with a +0 flail!
* * * LOW HITPOINT WARNING * * *
The gnoll hits you from afar with a +0 halberd!
You die...

######### ########
#.......# #......#
#.g.....#
###......#######ggg....#
...............'@).....+
............####.g...$.#
.........##.# #########
.........##)#
..........).#
...#........#
...###.....##
#...#......#
###.#......#


You could see a gnoll shaman and 4 gnolls.

Vanquished Creatures
  The ghost of maxonian the Skirmisher, an amateur DsAM (D:3)
  6 yaks (D:6)
  2 centaurs
  3 ogres
  A kobold brigand (D:6)
  2 water moccasin zombies
  2 water moccasin skeletons
  A centaur zombie (D:6)
  2 centaur skeletons
  4 orc priests
  A bullfrog skeleton (D:6)
  4 iguanas
  4 orc wizards
  Natasha (thrice) (D:4)
  2 hound skeletons (D:5)
  4 gnolls
  11 adders
  A white imp (D:5)
  2 worms
  3 dart slugs
  21 orcs
  5 endoplasms
  A giant cockroach (D:2)
  10 goblins
  7 hobgoblins
  5 quokkas
  4 ball pythons
  9 bats
  3 frilled lizards
  16 kobolds
  7 rats
147 creatures vanquished.

Vanquished Creatures (others)
  A plant (D:1)
1 creature vanquished.

Grand Total: 148 creatures vanquished

Notes
Turn   | Place    | Note
-------+----------+-------------------------------------------
     0 | D:1      | Allula97 the Demonspawn Fighter began the quest for the
                  | Orb.
     0 | D:1      | Reached XP level 1. HP: 18/18 MP: 1/1
   123 | D:1      | Reached skill level 3 in Armour
   123 | D:1      | Gained mutation: You are partially covered in razor-sharp
                  | scales. (AC +1, Slay +1) [demonic ancestry]
   123 | D:1      | Reached XP level 2. HP: 18/24 MP: 2/2
   467 | D:1      | Found a faded altar of an unknown god.
   475 | D:1      | Got Plato's Guide on the Arsonist
  1047 | D:1      | Gained mutation: You have a pair of small horns on your
                  | head. [demonic ancestry]
  1047 | D:1      | Reached XP level 3. HP: 29/29 MP: 3/3
  1204 | D:2      | Found a basalt altar of Yredelemnul.
  1446 | D:2      | Reached skill level 1 in Short Blades
  1942 | D:2      | Reached XP level 4. HP: 31/35 MP: 4/4
  2205 | D:3      | Found a runed translucent door.
  2397 | D:3      | Reached skill level 1 in Stealth
  2471 | D:3      | Reached skill level 1 in Dodging
  2827 | D:3      | Reached XP level 5. HP: 35/41 MP: 5/5
  3120 | D:3      | Identified the +1 chain mail "Xupte" {Int+4 Dex+4}
  3208 | D:3      | Noticed maxonian's ghost (amateur DsAM)
  3262 | D:3      | Killed maxonian's ghost
  3263 | D:3      | Reached skill level 4 in Armour
  3263 | D:3      | Gained mutation: You are mostly covered in razor-sharp
                  | scales. (AC +2, Slay +2) [demonic ancestry]
  3263 | D:3      | Reached XP level 6. HP: 48/48 MP: 6/6
  3287 | D:4      | Found a staircase to the Ecumenical Temple.
  3311 | Temple   | Entered the Ecumenical Temple
  3527 | Temple   | Became a worshipper of Uskayaw the Reveller
  3608 | D:4      | Identified the +5 dagger of Awkwardness {spect, rF+ rC+
                  | rCorr Str-5}
  3643 | D:4      | Noticed Natasha
  3646 | D:4      | Reached * piety under Uskayaw
  3648 | D:4      | Reached ** piety under Uskayaw
  3653 | D:4      | Killed Natasha
  3686 | D:4      | Reached *** piety under Uskayaw
  3732 | D:4      | Reached XP level 7. HP: 48/53 MP: 7/7
  3826 | D:4      | Reached skill level 5 in Armour
  3969 | D:4      | Noticed Natasha
  3975 | D:4      | Killed Natasha
  4137 | D:4      | Noticed Natasha
  4145 | D:4      | Killed Natasha
  4168 | D:5      | Entered Level 5 of the Dungeon
  4433 | D:5      | Gained mutation: You have a pair of horns on your head.
                  | [demonic ancestry]
  4433 | D:5      | Reached XP level 8. HP: 42/61 MP: 8/8
  4509 | D:5      | Found a shadowy altar of Dithmenos.
  4642 | D:5      | Found a blossoming altar of Fedhas.
  4821 | D:6      | Reached skill level 6 in Armour
  4828 | D:6      | Reached **** piety under Uskayaw
  4831 | D:6      | Reached skill level 5 in Short Blades
  4831 | D:6      | Gained mutation: A meltable shield of frost defends you.
                  | (SH +4) [demonic ancestry]
  4831 | D:6      | Reached XP level 9. HP: 21/67 MP: 9/9
  4833 | D:6      | Reached skill level 5 in Fighting
  4833 | D:6      | Reached skill level 5 in Stealth
  4838 | D:6      | Reached ***** piety under Uskayaw
  4994 | D:6      | Got the Papyrus of Sinister Magic and Weightlessness
  5062 | D:6      | Slain by a gnoll

Illustrated notes

Levels and vault maps discovered:
D:1:      minmay_arrival_four_loops, layout_basic,
          shapermc_ecumenical_altar_rom_forum, minmay_misc_feat_iff
D:2:      layout_basic, basic_altar
D:3:      mumra_celtic_spiral_tile, layout_basic, ebering_ghost_reflecting_pool,
          chequers_serial_rivers_large_b, minivault_5
D:4:      layout_loops_ring, minmay_temple_entry_stoned_glass, uniq_natasha
D:5:      layout_loops_ring, nicolae_dithmenos_through_a_glass_darkly,
          mainiacjoe_overflow_alcove_4
D:6:      layout_basic
Temple:   eino_narrow_crystal_temple

Skill      XL: |  1  2  3  4  5  6  7  8  9 |
---------------+----------------------------+-----
Armour         | 3 4 5 6 |  6.4
Short Blades   | 1 2 3 5 |  5.7
Stealth        | 1 2 3 4 5 |  5.4
Dodging        | 1 2 3 |  3.7
Shields        | 3 |  3.5
Fighting       | 4 5 |  5.1
Long Blades    | |  1.9

Action                   |  1- 3 |  4- 6 |  7- 9 || total
-------------------------+-------+-------+-------++-------
Melee: Long sword        |    24 |       |       ||    24
       Dagger            |    81 |   142 |   147 ||   370
       Headbutt          |     4 |    25 |    36 ||    65
Invok: Stomp             |       |       |     1 ||     1
       Line Pass         |       |       |     1 ||     1
  Use: Scroll            |       |     6 |       ||     6
       Potion            |       |       |     1 ||     1
 Stab: Sleeping          |       |     1 |     4 ||     5
       Paralysed         |       |     1 |     2 ||     3
       Distracted        |       |       |     4 ||     4
       Confused          |       |       |     1 ||     1
Armor: Scale mail        |    36 |       |       ||    36
       Ring mail         |     6 |    31 |    31 ||    68
Dodge: Dodged            |    37 |    43 |    53 ||   133
Block: Buckler           |    25 |    36 |    29 ||    90
